TOP OF THE 1ST |
Columbia Fireflies batting - Pitching for Jacksonville Suns : RHP Matt Murray
|
Pitching: RHP Matt Murray
|
|
Batting: RHB Billy Walker
|
0-0: SINGLE (Groundball, 5S, EV 95.6 MPH)
|
Batting: RHB Josh Jones
|
0-0: Ball 1-0: Foul Ball, location: 2F 1-1: Ball 2-1: Ball 3-1: Fly out, F8 (Flyball, 8RD, EV 103.1 MPH)
|
Batting: RHB Masaya Nakamura
|
0-0: Ball 1-0: Grounds into double play, 4-6-3 (Groundball, 4, EV 105.0 MPH)
|
Top of the 1st over - 0 runs, 1 hit, 0 errors, 0 left on base; Columbia 0 - Jacksonville 0 |
BOTTOM OF THE 1ST |
Jacksonville Suns batting - Pitching for Columbia Fireflies : RHP Andy Reinhardt
|
Pitching: RHP Andy Reinhardt
|
|
Batting: LHB Jose Bregaro
|
0-0: Ground out U3 (Groundball, 34S, EV 80.0 MPH)
|
Batting: LHB Mike Kara
|
0-0: Called Strike 0-1: Ball 1-1: Ball 2-1: Ball 3-1: Foul Ball, location: 2F 3-2: Ground out U3 (Groundball, 34, EV 110.0 MPH)
|
Batting: LHB Chris Jonas
|
0-0: Called Strike 0-1: SINGLE (Groundball, 4MD, EV 96.9 MPH)
|
Batting: RHB Chris Lee
|
0-0: Ball 1-0: Swinging Strike 1-1: Fly out, F6 (Popup, 6, EV 73.8 MPH)
|
Bottom of the 1st over - 0 runs, 1 hit, 0 errors, 1 left on base; Columbia 0 - Jacksonville 0 |
TOP OF THE 2ND |
Columbia Fireflies batting - Pitching for Jacksonville Suns : RHP Matt Murray
|
Batting: LHB Jose Chavez
|
0-0: Ball 1-0: Called Strike 1-1: Ball 2-1: Ball 3-1: Foul Ball, location: 2F 3-2: Strikes out swinging
|
Batting: RHB Bobby Campbell
|
0-0: Fly out, F3 (Popup, 3SF, EV 66.2 MPH)
|
Batting: LHB Elmo Dreier
|
0-0: Fly out, F8 (Line Drive, 8LD, EV 100.0 MPH)
|
Top of the 2nd over - 0 runs, 0 hits, 0 errors, 0 left on base; Columbia 0 - Jacksonville 0 |
BOTTOM OF THE 2ND |
Jacksonville Suns batting - Pitching for Columbia Fireflies : RHP Andy Reinhardt
|
Batting: RHB Shelby Peddle
|
0-0: Ground out 6-3 (Groundball, P, EV 86.9 MPH)
|
Batting: RHB Tommy Hughes
|
0-0: SINGLE (Flyball, 3D, EV 83.1 MPH)
|
Batting: RHB Wei-guo Tsu
|
0-0: Grounds into double play, 5-4-3 (Groundball, 56, EV 91.9 MPH)
|
Bottom of the 2nd over - 0 runs, 1 hit, 0 errors, 0 left on base; Columbia 0 - Jacksonville 0 |
TOP OF THE 3RD |
Columbia Fireflies batting - Pitching for Jacksonville Suns : RHP Matt Murray
|
Batting: RHB Chris Nelson
|
0-0: Fly out, F8 (Flyball, 8LM, EV 86.2 MPH)
|
Batting: RHB Jeff Page
|
0-0: Ball 1-0: Called Strike 1-1: Swinging Strike 1-2: Ball 2-2: Ball 3-2: Foul Ball, location: 2F 3-2: Fly out, F8 (Flyball, 89D, EV 103.8 MPH)
|
Batting: RHB Omar Gonzalez
|
0-0: Called Strike 0-1: Ball 1-1: Foul Ball, location: 2F 1-2: Foul Ball, location: 2F 1-2: Ground out 5-3 (Groundball, 56S, EV 81.2 MPH)
|
Top of the 3rd over - 0 runs, 0 hits, 0 errors, 0 left on base; Columbia 0 - Jacksonville 0 |
BOTTOM OF THE 3RD |
Jacksonville Suns batting - Pitching for Columbia Fireflies : RHP Andy Reinhardt
|
Batting: RHB Katsutaka Inouye
|
0-0: Ball 1-0: Ball 2-0: Ball 3-0: Called Strike 3-1: SINGLE (Groundball, 56D, EV 100.0 MPH)
|
Batting: RHB Pi-ao Xú
|
0-0: Ground out 6-3 (Groundball, P, EV 89.4 MPH) Katsutaka Inouye to second
|
Batting: LHB Jose Bregaro
|
0-0: Ball 1-0: Ball 2-0: Ball 3-0: Foul Ball, location: 2F 3-1: Base on Balls
|
Batting: LHB Mike Kara
|
0-0: Ball 1-0: Fly out, F8 (Flyball, 8LS, EV 86.9 MPH)
|
Batting: LHB Chris Jonas
|
0-0: Called Strike 0-1: Ball 1-1: Swinging Strike 1-2: Ball 2-2: Ground out 1-3 (Groundball, P, EV 70.0 MPH)
|
Bottom of the 3rd over - 0 runs, 1 hit, 0 errors, 2 left on base; Columbia 0 - Jacksonville 0 |
TOP OF THE 4TH |
Columbia Fireflies batting - Pitching for Jacksonville Suns : RHP Matt Murray
|
Batting: RHB Billy Walker
|
0-0: Ball 1-0: Swinging Strike 1-1: Ball 2-1: Ball 3-1: Foul Ball, location: 2F 3-2: Strikes out swinging
|
Batting: RHB Josh Jones
|
0-0: Ball 1-0: Called Strike 1-1: Ball 2-1: Ground out 3-1 (Groundball, 34, EV 80.0 MPH)
|
Batting: RHB Masaya Nakamura
|
0-0: Called Strike 0-1: Ground out U3 (Groundball, 34, EV 103.8 MPH)
|
Top of the 4th over - 0 runs, 0 hits, 0 errors, 0 left on base; Columbia 0 - Jacksonville 0 |
BOTTOM OF THE 4TH |
Jacksonville Suns batting - Pitching for Columbia Fireflies : RHP Andy Reinhardt
|
Batting: RHB Chris Lee
|
0-0: Swinging Strike 0-1: Ball 1-1: Swinging Strike 1-2: Strikes out swinging
|
Batting: RHB Shelby Peddle
|
0-0: Ball 1-0: Foul Ball, location: 2F 1-1: SINGLE (Line Drive, 56, EV 97.5 MPH)
|
Batting: RHB Tommy Hughes
|
0-0: Ball 1-0: Swinging Strike 1-1: Grounds into double play, U6-3 (Groundball, 4M, EV 86.9 MPH)
|
Bottom of the 4th over - 0 runs, 1 hit, 0 errors, 0 left on base; Columbia 0 - Jacksonville 0 |
TOP OF THE 5TH |
Columbia Fireflies batting - Pitching for Jacksonville Suns : RHP Matt Murray
|
Batting: LHB Jose Chavez
|
0-0: Called Strike 0-1: Ball 1-1: Ball 2-1: Swinging Strike 2-2: Strikes out swinging
|
Batting: RHB Bobby Campbell
|
0-0: SINGLE (Line Drive, 89M, EV 98.8 MPH)
|
Batting: LHB Elmo Dreier
|
0-0: Ball 1-0: Called Strike 1-1: Called Strike 1-2: Ball 2-2: DOUBLE (Flyball, 8RD, EV 95.6 MPH) Bobby Campbell to third
|
Batting: RHB Chris Nelson
|
0-0: Called Strike 0-1: Ball 1-1: Swinging Strike 1-2: Foul Ball, location: 2F 1-2: Foul Ball, location: 2F 1-2: Strikes out swinging
|
Pitching: RHP Reinaart Meyer
|
|
Batting: RHB Jeff Page
|
0-0: Ball 1-0: Ball 2-0: Called Strike 2-1: Ball 3-1: Ground out 5-3 (Groundball, 56S, EV 76.2 MPH)
|
Top of the 5th over - 0 runs, 2 hits, 0 errors, 2 left on base; Columbia 0 - Jacksonville 0 |
BOTTOM OF THE 5TH |
Jacksonville Suns batting - Pitching for Columbia Fireflies : RHP Andy Reinhardt
|
Batting: RHB Wei-guo Tsu
|
0-0: Called Strike 0-1: Ball 1-1: Ball 2-1: Called Strike 2-2: Foul Ball, location: 2F 2-2: Ball 3-2: Strikes out swinging
|
Batting: RHB Katsutaka Inouye
|
0-0: Swinging Strike 0-1: Ball 1-1: Called Strike 1-2: Strikes out looking
|
Batting: RHB Pi-ao Xú
|
0-0: Ball 1-0: Ball 2-0: Called Strike 2-1: Ground out 5-3 (Groundball, 56S, EV 73.8 MPH)
|
Bottom of the 5th over - 0 runs, 0 hits, 0 errors, 0 left on base; Columbia 0 - Jacksonville 0 |
TOP OF THE 6TH |
Columbia Fireflies batting - Pitching for Jacksonville Suns : RHP Reinaart Meyer
|
Batting: RHB Omar Gonzalez
|
0-0: Ball 1-0: Ground out 6-3 (Groundball, 6M, EV 86.9 MPH)
|
Batting: RHB Billy Walker
|
0-0: Ball 1-0: Ground out 5-3 (Groundball, 5S, EV 71.9 MPH)
|
Batting: RHB Josh Jones
|
0-0: Swinging Strike 0-1: DOUBLE (Flyball, 9LD, EV 100.6 MPH)
|
Pinch Runner at 2nd Roy Blonski:
|
|
Batting: RHB Masaya Nakamura
|
0-0: Fly out, F7 (Line Drive, 7, EV 94.4 MPH)
|
Top of the 6th over - 0 runs, 1 hit, 0 errors, 1 left on base; Columbia 0 - Jacksonville 0 |
BOTTOM OF THE 6TH |
Jacksonville Suns batting - Pitching for Columbia Fireflies : RHP Andy Reinhardt
|
Now at 2B: Jerry Burch
|
|
Batting: LHB Jose Bregaro
|
0-0: Swinging Strike 0-1: Ball 1-1: Ball 2-1: Ground out 4-3 (Groundball, 4, EV 85.0 MPH)
|
Batting: LHB Mike Kara
|
0-0: Called Strike 0-1: Ball 1-1: Ground out 6-3 (Groundball, 6M, EV 105.0 MPH)
|
Batting: LHB Chris Jonas
|
0-0: Ball 1-0: SINGLE (Groundball, 3S, EV 67.5 MPH) (infield hit)
|
Batting: RHB Chris Lee
|
0-0: Foul Ball, location: 2F 0-1: Called Strike 0-2: Ball 1-2: SINGLE (Line Drive, 9S, EV 102.5 MPH) Chris Jonas to second
|
Batting: RHB Shelby Peddle
|
0-0: Called Strike 0-1: Ball 1-1: Fly out, F7 (Flyball, 7LS, EV 84.4 MPH)
|
Bottom of the 6th over - 0 runs, 2 hits, 0 errors, 2 left on base; Columbia 0 - Jacksonville 0 |
TOP OF THE 7TH |
Columbia Fireflies batting - Pitching for Jacksonville Suns : RHP Reinaart Meyer
|
Batting: LHB Jose Chavez
|
0-0: Called Strike 0-1: Ball 1-1: Called Strike 1-2: Strikes out looking
|
Batting: RHB Bobby Campbell
|
0-0: Called Strike 0-1: Ball 1-1: Reached on error, E6 (Groundball, 6, EV 88.8 MPH)
|
Batting: LHB Elmo Dreier
|
0-0: Called Strike 0-1: Foul Ball, location: 2F 0-2: Foul Ball, location: 2F 0-2: Foul Ball, location: 2F 0-2: Foul Ball, location: 2F 0-2: Fly out, F7 (Flyball, 78M, EV 83.8 MPH)
|
Batting: RHB Chris Nelson
|
0-0: Called Strike 0-1: Swinging Strike 0-2: Ball 1-2: Strikes out swinging
|
Top of the 7th over - 0 runs, 0 hits, 1 error, 1 left on base; Columbia 0 - Jacksonville 0 |
BOTTOM OF THE 7TH |
Jacksonville Suns batting - Pitching for Columbia Fireflies : RHP Andy Reinhardt
|
Batting: RHB Tommy Hughes
|
0-0: Ball 1-0: Foul Ball, location: 2F 1-1: SINGLE (Groundball, 34D, EV 102.5 MPH)
|
Batting: RHB Wei-guo Tsu
|
0-0: Ball 1-0: Ground out 6-3 (Groundball, P, EV 82.5 MPH) Tommy Hughes to second
|
Batting: RHB Katsutaka Inouye
|
0-0: Called Strike 0-1: Swinging Strike 0-2: Strikes out swinging
|
Batting: RHB Pi-ao Xú
|
0-0: Ball 1-0: Called Strike 1-1: Ball 2-1: Foul Ball, location: 2F 2-2: Ball 3-2: Foul Ball, location: 2F 3-2: Foul Ball, location: 2F 3-2: Ground out 6-3 (Groundball, 6, EV 90.6 MPH)
|
Bottom of the 7th over - 0 runs, 1 hit, 0 errors, 1 left on base; Columbia 0 - Jacksonville 0 |
TOP OF THE 8TH |
Columbia Fireflies batting - Pitching for Jacksonville Suns : RHP Reinaart Meyer
|
Pitching: LHP Geoff Goss
|
|
Batting: RHB Jeff Page
|
0-0: Called Strike 0-1: Foul Ball, location: 2F 0-2: Strikes out swinging
|
Batting: RHB Omar Gonzalez
|
0-0: Ground out 1-3 (Groundball, 13S, EV 70.6 MPH)
|
Batting: RHB Billy Walker
|
0-0: Ball 1-0: Called Strike 1-1: Ball 2-1: Ground out 5-3 (Groundball, 5S, EV 83.1 MPH)
|
Top of the 8th over - 0 runs, 0 hits, 0 errors, 0 left on base; Columbia 0 - Jacksonville 0 |
BOTTOM OF THE 8TH |
Jacksonville Suns batting - Pitching for Columbia Fireflies : RHP Andy Reinhardt
|
Batting: LHB Jose Bregaro
|
0-0: Called Strike 0-1: Swinging Strike 0-2: Foul Ball, location: 2F 0-2: Strikes out swinging
|
Batting: LHB Mike Kara
|
0-0: Ball 1-0: Ball 2-0: SINGLE (Flyball, 8LS, EV 89.4 MPH)
|
Pitching: LHP Frank Rowe
|
|
Batting: LHB Chris Jonas
|
0-0: Ball 1-0: Fielders Choice at 2nd, 3-6 (Groundball, 3, EV 95.0 MPH)
|
Pitching: RHP Javier Perez
|
|
Batting: RHB Chris Lee
|
0-0: Ball 1-0: Ball 2-0: Called Strike 2-1: Ball 3-1: Base on Balls Chris Jonas to second
|
Batting: RHB Shelby Peddle
|
0-0: Ground out 5-3 (Groundball, 15, EV 88.8 MPH)
|
Bottom of the 8th over - 0 runs, 1 hit, 0 errors, 2 left on base; Columbia 0 - Jacksonville 0 |
TOP OF THE 9TH |
Columbia Fireflies batting - Pitching for Jacksonville Suns : LHP Geoff Goss
|
Batting: RHB Jerry Burch
|
0-0: Called Strike 0-1: Foul Ball, location: 2F 0-2: Ball 1-2: Foul Ball, location: 2F 1-2: Ball 2-2: Foul Ball, location: 2F 2-2: Foul Ball, location: 2F 2-2: Ball 3-2: Foul Ball, location: 2F 3-2: Foul Ball, location: 2F 3-2: Single, Error in OF, E9, batter to second base (Groundball, 34D, EV 98.8 MPH)
|
Batting: RHB Masaya Nakamura
|
0-0: Intentional Walk
|
Pinch Hitting: RHB Joe Barker
|
0-0: Ball 1-0: Ball 2-0: Grounds into double play, U4-3 (Groundball, 6M, EV 83.1 MPH) Jerry Burch to third
|
Batting: RHB Bobby Campbell
|
0-0: Intentional Walk
|
Pinch Hitting: RHB Bill Larsen
|
0-0: Called Strike 0-1: Ball 1-1: Ball 2-1: Swinging Strike 2-2: Strikes out swinging
|
Top of the 9th over - 0 runs, 1 hit, 1 error, 2 left on base; Columbia 0 - Jacksonville 0 |
BOTTOM OF THE 9TH |
Jacksonville Suns batting - Pitching for Columbia Fireflies : RHP Javier Perez
|
Pitching: RHP Casey Cuomo
|
|
Now at SS: Bill Larsen
|
|
Now in LF: Chris Nelson
|
|
Now in CF: Jeff Page
|
|
Now in RF: Joel Soto
|
|
Batting: RHB Tommy Hughes
|
0-0: Foul Ball, location: 2F 0-1: Ground out 5-3 (Groundball, 56, EV 87.5 MPH)
|
Batting: RHB Wei-guo Tsu
|
0-0: Foul Ball, location: 2F 0-1: Ball 1-1: Ball 2-1: Ball 3-1: Swinging Strike 3-2: Strikes out swinging
|
Batting: RHB Katsutaka Inouye
|
0-0: Hit by Pitch
|
Batting: RHB Pi-ao Xú
|
0-0: Ball 1-0: Called Strike 1-1: Called Strike 1-2: Ball 2-2: Strikes out looking
|
Bottom of the 9th over - 0 runs, 0 hits, 0 errors, 1 left on base; Columbia 0 - Jacksonville 0 |
TOP OF THE 10TH |
Columbia Fireflies batting - Pitching for Jacksonville Suns : LHP Geoff Goss
|
Pitching: RHP J.P. Wilson
|
|
Batting: RHB Chris Nelson
|
0-0: Ball 1-0: Ball 2-0: Swinging Strike 2-1: Swinging Strike 2-2: Strikes out swinging
|
Batting: RHB Jeff Page
|
0-0: Called Strike 0-1: Foul Ball, location: 2F 0-2: Ball 1-2: Strikes out looking
|
Batting: RHB Omar Gonzalez
|
0-0: Ball 1-0: SINGLE (Groundball, 56D, EV 99.4 MPH)
|
Batting: RHB Billy Walker
|
0-0: Called Strike 0-1: Called Strike 0-2: Ball 1-2: Strikes out swinging
|
Top of the 10th over - 0 runs, 1 hit, 0 errors, 1 left on base; Columbia 0 - Jacksonville 0 |
BOTTOM OF THE 10TH |
Jacksonville Suns batting - Pitching for Columbia Fireflies : RHP Casey Cuomo
|
Batting: LHB Jose Bregaro
|
0-0: Foul Ball, location: 2F 0-1: SINGLE (Groundball, 25, EV 60.6 MPH) (infield hit)
|
Batting: LHB Mike Kara
|
0-0: Bunt missed! 0-1: Sac Bunt to 2R - play at first, batter OUT! 2-4 Jose Bregaro to second
|
Batting: LHB Chris Jonas
|
0-0: Called Strike 0-1: Ball 1-1: Ball 2-1: Ball 3-1: Ground out U3 (Groundball, 3, EV 88.1 MPH) Jose Bregaro to third
|
Batting: RHB Chris Lee
|
0-0: Swinging Strike 0-1: Ball 1-1: Ball 2-1: Fly out, F4 (Popup, 4, EV 78.1 MPH)
|
Bottom of the 10th over - 0 runs, 1 hit, 0 errors, 1 left on base; Columbia 0 - Jacksonville 0 |
TOP OF THE 11TH |
Columbia Fireflies batting - Pitching for Jacksonville Suns : RHP J.P. Wilson
|
Batting: RHB Jerry Burch
|
0-0: Ball 1-0: Ground out 6-3 (Groundball, 6, EV 101.9 MPH)
|
Batting: RHB Masaya Nakamura
|
0-0: Ball 1-0: Called Strike 1-1: Ball 2-1: SINGLE (Groundball, 6, EV 97.5 MPH)
|
Batting: LHB Joel Soto
|
0-0: Called Strike 0-1: Swinging Strike 0-2: Ball 1-2: Ball 2-2: Foul Ball, location: 2F 2-2: Fly out, F4 (Line Drive, 4, EV 70.6 MPH)
|
Pitching: LHP Melvin Fonseca
|
|
Batting: RHB Bobby Campbell
|
0-0: Fly out, F9 (Flyball, 9LS, EV 95.6 MPH)
|
Top of the 11th over - 0 runs, 1 hit, 0 errors, 1 left on base; Columbia 0 - Jacksonville 0 |
BOTTOM OF THE 11TH |
Jacksonville Suns batting - Pitching for Columbia Fireflies : RHP Casey Cuomo
|
Pitching: RHP Battista Aldobrandini
|
|
Batting: RHB Shelby Peddle
|
0-0: Ball 1-0: Ball 2-0: Foul Ball, location: 2F 2-1: Swinging Strike 2-2: SINGLE (Line Drive, 7S, EV 85.6 MPH)
|
Batting: RHB Tommy Hughes
|
0-0: Foul Ball, location: 2F 0-1: Foul Ball, location: 2F 0-2: Grounds into double play, 4-6-3 (Groundball, 34, EV 77.5 MPH)
|
Pinch Hitting: LHB Juan Solorzano
|
0-0: Called Strike 0-1: Ball 1-1: Ground out U3 (Groundball, 3L, EV 98.1 MPH)
|
Bottom of the 11th over - 0 runs, 1 hit, 0 errors, 0 left on base; Columbia 0 - Jacksonville 0 |
TOP OF THE 12TH |
Columbia Fireflies batting - Pitching for Jacksonville Suns : LHP Melvin Fonseca
|
Now in CF: Juan Solorzano
|
|
Now in RF: Jose Bregaro
|
|
Batting: RHB Bill Larsen
|
0-0: Called Strike 0-1: Swinging Strike 0-2: Strikes out swinging
|
Batting: RHB Chris Nelson
|
0-0: Called Strike 0-1: Foul Ball, location: 2F 0-2: Ball 1-2: SOLO HOME RUN (Flyball, 7D, EV 108.1 MPH), Distance : 408 ft
|
Batting: RHB Jeff Page
|
0-0: Ground out 4-3 (Groundball, 4, EV 83.8 MPH)
|
Batting: RHB Omar Gonzalez
|
0-0: Called Strike 0-1: Ball 1-1: Foul Ball, location: 2F 1-2: Ball 2-2: Foul Ball, location: 2F 2-2: Ground out 4-3 (Groundball, 4, EV 88.8 MPH)
|
Top of the 12th over - 1 run, 1 hit, 0 errors, 0 left on base; Columbia 1 - Jacksonville 0 |
BOTTOM OF THE 12TH |
Jacksonville Suns batting - Pitching for Columbia Fireflies : RHP Battista Aldobrandini
|
Batting: RHB Katsutaka Inouye
|
0-0: Swinging Strike 0-1: Called Strike 0-2: Ball 1-2: Strikes out swinging
|
Pinch Hitting: LHB Gustavo Patella
|
0-0: Ball 1-0: Ground out U3 (Groundball, 3, EV 107.5 MPH)
|
Batting: LHB Jose Bregaro
|
0-0: Ball 1-0: Swinging Strike 1-1: Foul Ball, location: 2F 1-2: Ball 2-2: SINGLE (Flyball, 34D, EV 87.5 MPH)
|
Batting: LHB Mike Kara
|
0-0: Foul Ball, location: 2F 0-1: Fielders Choice at 2nd, 6-4 (Groundball, 6, EV 86.2 MPH)
|
Bottom of the 12th over - 0 runs, 1 hit, 0 errors, 1 left on base; Columbia 1 - Jacksonville 0 |
|